Unix NetHack Version 3.7.0-101 Work-in-progress - last build Apr 1 2024 13:39:02 (cf3915abb6dcc6e3362b2b16a766b7b4f6c45fc9,branch:master). Game began 2024-04-04 08:35:11, ended 2024-04-04 08:42:41. xororand, neutral male human Priest -------- +...<..| -------------------------------- # |......| |..............................-##########.......| | -------- -----------.[## # |......| |..@)|# |......| |.G|.| --+----- ----)| ...| .....| ....... .........| +--+---...| |...| |...| |...| -...| ...| ----- Xororand the Acolyte St:11 Dx:10 Co:16 In:10 Wi:18 Ch:11 Neutral S:1356 Dlvl:5 $:18 HP:0(42) Pw:67(76) AC:5 Xp:5/282 T:1831 Latest messages: Unlock it with your key? [ynq] (q) y You succeed in unlocking the door. The door resists! The door resists! The door resists! The door resists! The door opens. You hear a chugging sound. The gnome throws a dagger! You are almost hit by a dagger. This door is locked. Unlock it with your key? [ynq] (q) q You miss the gnome. The gnome wields 4 blessed daggers! You kill the gnome! You see here 4 blessed daggers. You see here a blessed dagger. The elf zombie hits the dwarf. You miss the dwarf. The dwarf swings her pick-axe. The dwarf hits! You hit the dwarf. The elf zombie misses the dwarf. You miss the dwarf. The dwarf swings her pick-axe. The dwarf hits! You kill the dwarf! You hit the elf zombie! You hit the elf zombie! The elf zombie hits! You destroy the elf zombie! L - a pick-axe. What do you want to adjust? [a-iklo-wD-L or ?*] L Adjust letter to what [jmnx-zA-CL-Z] (? see used letters)? p Swapping: p - a pick-axe. You see here a blessed dagger. This door is locked. Unlock it with your key? [ynq] (q) y You succeed in unlocking the door. The door opens. The gnome king swings his thonged club. The gnome king hits! The gnome king swings his thonged club. The gnome king hits! You die... Do you want your possessions identified? [ynq] (y) n Do you want to see your attributes? [ynq] (y) n Do you want an account of creatures vanquished? [ynaq] (y) n Do you want to see your conduct and achievements? [ynq] (y) n Do you want to see the dungeon overview? [ynq] (y) n Inventory: Coins $ - 18 gold pieces Weapons D - 9 blessed +1 shuriken (at the ready) a - a blessed +1 mace (weapon in right hand) Armor F - a +0 pair of iron shoes (being worn) c - a +0 small shield (being worn) L - a +0 cloak of protection b - a +0 robe (being worn) Comestibles e - 2 cloves of garlic r - a cursed food ration f - a sprig of wolfsbane u - an egg Scrolls o - a blessed scroll of destroy armor s - a scroll of light i - a scroll of scare monster t - a cursed scroll of teleportation Spellbooks h - a spellbook of create monster g - a spellbook of protection Potions v - a potion of booze G - a potion of extra healing K - 5 potions of healing d - 4 potions of holy water Rings l - a ring of slow digestion Wands E - a wand of magic missile (0:2) q - a wand of nothing (0:6) Tools p - a +0 pick-axe k - a skeleton key Gems/Stones H - a fluorite stone I - a worthless piece of black glass J - a worthless piece of orange glass w - 2 worthless pieces of white glass Xororand the Priest's attributes: Background: You were an Acolyte, a level 5 human Priest. You were neutral, nominally on a mission for Ishtar who was opposed by Anu (lawful) and Anshar (chaotic). You were right-handed. You were in the Gnomish Mines, on level 5. You entered the dungeon 1831 turns ago. You had 282 experience points, 38 more were needed to attain level 6. Your score was 1356 before end-of-game adjustments. Basics: You had 0 out of 42 hit points. You had 67 out of 76 energy points (spell power). Your armor class was 5. Your wallet contained 18 zorkmids. Autopickup was off. Final Characteristics: Your strength was 11 (limit:18/100). Your dexterity was 10 (limit:18). Your constitution was 16 (limit:18). Your intelligence was 10 (limit:18). Your wisdom was 18 (limit:18). Your charisma was 11 (limit:18). Final Status: You weren't hungry. You were unencumbered. You were wielding a mace. You had basic skill with mace. Final Attributes: You were devoutly aligned. You were guarded. You are dead. Miscellaneous: You never encountered a bones level. Total elapsed playing time was 7 minutes and 29 seconds. Major events: Turn 1: xororand the neutral human Priest entered the dungeon 753: attained the rank of Acolyte (level 3) 1532: entered the Gnomish Mines 1805: reached Mine Town 1831: killed by a gnome king Vanquished creatures: a small mimic 4 gnome leaders a gnomish wizard an elf zombie a floating eye 3 dwarves a homunculus 2 iguanas an acid blob a gas spore 3 hobbits a hobgoblin a giant rat 11 gnomes 2 garter snakes 2 geckos 2 jackals 2 goblins 3 grid bugs 2 lichens 6 newts 51 creatures vanquished. No species were genocided or became extinct. Voluntary challenges: You were an atheist. You read items or engraved 9 times. You engraved Elbereth 4 times. You never genocided any monsters. You never polymorphed an object. You never changed form. You used no wishes. Achievements: You attained the rank of Acolyte. You entered a shop. You entered the Gnomish Mines. You entered Minetown. The Dungeons of Doom: levels 1 to 3 Level 1: A fountain. Level 2: A sink. Stairs down to The Gnomish Mines. Level 3: A shop, a grave. The Gnomish Mines: levels 3 to 5 Level 3: Level 4: Level 5: <- You were here. Final resting place for you, killed by a gnome king. Game over: ---------- / \ / REST \ / IN \ / PEACE \ / \ | xororand | | 18 Au | | killed by a | | gnome king | | | | | | 2024 | *| * * * | * _________)/\\_//(\/(/\)/\//\/|_)_______ Goodbye xororand the Priest... You died in The Gnomish Mines on dungeon level 5 with 1355 points, and 18 pieces of gold, after 1831 moves. You were level 5 with a maximum of 42 hit points when you died.